 Dungeon Crawl Stone Soup version 0.31-a0-219-g8d62b2e7bb (webtiles) character file.

Game seed: 88750448687858948

54 AltDragon the Insei (level 3, -2/24 HPs)
             Began as an Octopode Transmuter on July 3, 2023.
             Splashed by a jelly's acid (10 damage)
             ... on level 3 of the Dungeon.
             The game lasted 00:08:37 (1951 turns).

AltDragon the Insei (Octopode Transmuter)           Turns: 1951, Time: 00:08:37

Health: -2/24      AC: -7    Str:  9    XL:     3   Next: 91%
Magic:  6/6        EV: 13    Int: 15    God:
Gold:   103        SH:  5    Dex: 14    Spells: 5/6 levels left

rFire   . .          .
                       - Unarmed
rCold   . . .        (no shield)
rNeg    . . .        (helmet restricted)
rPois   .            e - amulet of reflection
rElec   .            g - ring of see invisible
rCorr   .            k - +4 ring of protection
SInv    +            (no ring)
Will    .....        (no ring)
Stlth   +++          (no ring)
HPRegen 0.24/turn    (no ring)
MPRegen 0.10/turn    (no ring)
                     (no ring)

%: reflection
@: corroded
A: almost no armour, amphibious, 8 rings, camouflage 1, gelatinous body 1,
(nimble swimmer 1), tentacles
a: no special abilities


You were on level 3 of the Dungeon.
You visited 1 branch of the dungeon, and saw 3 of its levels.

You collected 103 gold pieces.

Inventory:

Missiles
 n - a throwing net
Jewellery
 e - an amulet of reflection (around mantle)
 g - a ring of see invisible (left tentacle)
 k - a +4 ring of protection (right tentacle)
Scrolls
 h - a scroll of identify
 l - 3 scrolls of poison
Potions
 a - a potion of lignification
 b - a potion of magic
 c - 5 potions of curing
 f - a potion of might


   Skills:
 + Level 1.7 Fighting
 + Level 2.3 Dodging
 + Level 1.1 Stealth
 * Level 3.6 Unarmed Combat
 + Level 2.3 Spellcasting
 + Level 2.3 Transmutations


You had 5 spell levels left.
You knew the following spells:

 Your Spells              Type           Power      Damage    Failure   Level
a - Beastly Appendage     Tmut           16%        N/A       9%          1

Your spell library contained the following spells:

 Spells                   Type           Power      Damage    Failure   Level
 Wereblood                Tmut           8%         N/A       12%         2
 Spider Form              Tmut/Pois      5%         N/A       36%         3
 Ice Form                 Ice/Tmut       5%         N/A       78%         4


Dungeon Overview and Level Annotations

Branches:
Dungeon (3/15)

Altars:

Shops:
D:3 [


Innate Abilities, Weirdness & Mutations

You cannot wear most types of armour.
You are amphibious.
You can wear up to eight rings at the same time.
Your skin changes colour to match your surroundings (Stealth+).
Your rubbery body absorbs attacks. (AC +1, EV +1)
((You are camouflaged when in or above water. (Stealth+)))
You have tentacles for arms and can constrict up to eight enemies at once.


Message History

The hobgoblin shouts!
The hobgoblin hits you.
You barely miss the hobgoblin. Your grab misses the hobgoblin.
You squeeze the hobgoblin.
The hobgoblin is severely wounded.
The hobgoblin barely misses you.
You closely miss the hobgoblin. You grab the hobgoblin.
You squeeze the hobgoblin.
You kill the hobgoblin!
The worm bites you!
You are too injured to fight recklessly!
You are too injured to fight recklessly!
You are too injured to fight recklessly!
You tentacle-slap the worm. You grab the worm. You squeeze the worm.
The worm is severely wounded.
You constrict the worm. You tentacle-slap the worm.
You kill the worm!
You start resting.
HP restored.
You see here a worm corpse.
Found a stone staircase leading up.
Found Ufusis's Antique Armour Shoppe.
g - a ring of see invisible (left tentacle)
k - a +4 ring of protection (right tentacle)
You have 103 gold pieces.
There is an entrance to Ufusis's Antique Armour Shoppe here.
You can access your shopping list by pressing '$'.
A jelly comes into view.
A jelly is nearby!
The jelly quivers.
You tentacle-slap the jelly but do no damage.
The acid corrodes you!
Your tentacles burn!
The jelly hits you. The acid corrodes you!
You are splashed with acid!
You are too injured to fight recklessly!
You are too injured to fight recklessly!
You tentacle-slap the jelly but do no damage.
Your tentacles burn!
The jelly hits you. The acid corrodes you!
You are splashed with acid!
You die...

### #.. #.# #.# #.#
#.# #∩#
#########.###
#.......J@..######.#
#.#######.#........#
#.# #...###########
#.# ##............#
#.#####
#..#########.#
#.....# #..# ##.#
#.###.####<.#
######..####
#.#.........#
#...........
#.#.#.####..#
#.####.#####


You could see a jelly.

Vanquished Creatures
  2 worms
  7 endoplasms
  3 giant cockroaches
  A goblin (D:1)
  6 hobgoblins
  3 jackals (D:1)
  3 quokkas
  6 ball pythons
  2 bats (D:2)
  4 frilled lizards
  4 kobolds
  A rat (D:1)
42 creatures vanquished.

Notes
Turn   | Place    | Note
-------+----------+-------------------------------------------
     0 | D:1      | AltDragon the Octopode Transmuter began the quest for the
                  | Orb.
     0 | D:1      | Reached XP level 1. HP: 13/13 MP: 3/3
    58 | D:1      | Reached XP level 2. HP: 18/18 MP: 5/5
   613 | D:1      | Reached XP level 3. HP: 22/23 MP: 6/6
  1391 | D:2      | Reached skill level 1 in Stealth
  1934 | D:3      | Found Ufusis's Antique Armour Shoppe.
  1951 | D:3      | Splashed by a jelly's acid

Illustrated notes

Levels and vault maps discovered:
D:1:      spicycebolla_green_bress_n_ham_2, layout_loops_ring,
          dk_noncrumbling_2, palyth_stone_intersect
D:2:      minmay_spotlight, layout_basic
D:3:      layout_loops_ring, serial_shops, shop, uniq_sigmund

Skill      XL: |  1  2  3 |
---------------+----------+-----
Stealth        | 1 |  1.1
Fighting       | |  1.7
Dodging        | |  2.3
Unarmed Combat | |  3.6
Spellcasting   | |  2.3
Transmutations | |  2.3

Action                     || total
---------------------------++-------
  Melee: Unarmed           ||   102
         Constrict         ||    20
         Tentacles         ||    22
         Punch             ||     2
   Cast: Beastly Appendage ||     1
    Use: Scroll            ||     8
   Stab: Sleeping          ||     8
 Armour: Skin              ||     4
  Dodge: Dodged            ||    53
  Block: Other             ||    13

Table legend: (Time is in decaauts)
 A = Elapsed time spent in this place.
 B = Non-inter-level travel time spent in this place.
 C = Inter-level travel time spent in this place.
 D = Time resting spent in this place.
 E = Time spent auto-exploring this place.
 F = Levels seen in this place.
 G = Mean time per level.
                   A        B        C        D        E       F      G
               +--------+--------+--------+--------+--------+-----+--------+
         Total |   1943 |   1913 |     30 |    384 |   1247 |   3 |  647.7 |
       Dungeon |   1943 |   1913 |     30 |    384 |   1247 |   3 |  647.7 |
               +--------+--------+--------+--------+--------+-----+--------+

Top non-repeatable levels by time:
     D:2: 1016 daAuts
     D:1: 784 daAuts
     D:3: 142 daAuts
